AoeStats
← Mr. Penis

Fortress

508670565Analyzed
4v4 RM · 8d ago on Sep 23, 2026· 75m 33s· 8 players
Game mode
Random Map
Map size
Huge
Population
200
Speed
Normal
Resources
Standard
Victory
Conquest
Starting age
Dark Age
Ending age
Imperial Age
RankedLock teamsTeams togetherTeam positionsShared explorationLock speedFull tech treeHidden civsTurbo modeCheats
Victory
Defeat
🇨🇳 Ethiopians · China
1278
+15
🇩🇪 Khmer · Germany
1274
+15
🇨🇳 Burmese · China
1271
+15
🇷🇺 Jurchens · Russia
1234
+18
🇫🇷 Burgundians · France
1268
-16
🇮🇪 Varangians · Ireland
1260
-16
🇧🇷 Tatars · Brazil
1254
-16
🇨🇿 Celts · Czechia
1245
-15
Lexi ní Anord
8:44 Feudal Age
12:57 Castle Age
10:54 Double-Bit Axe
11:16 Horse Collar
15:59 Scale Barding Armor
17:18 Bloodlines
17:14 Loom
19:44 Wheelbarrow
19:53 Heavy Plow
21:28 Chain Barding Armor
22:20 Bow Saw
24:36 Forging
24:49 Husbandry
26:46 Iron Casting
28:38 Hand Cart
28:29 Herbal Medicine
28:27 Pikeman
32:57 Imperial Age
34:19 Plate Barding Armor
33:06 Cavalier
33:25 Elite Jarl
34:04 Gothikon
35:53 Blast Furnace
37:30 Light Cavalry
38:29 Town Watch
40:20 Crop Rotation
41:04 Two-Man Saw
40:32 Hussar
43:37 Caravan
43:42 Squires
44:28 Stone Mining
47:30 Stone Shaft Mining
50:25 Masonry
49:57 Treadmill Crane
52:01 Fletching
52:57 Guilds
54:09 Scale Mail Armor
54:05 Bodkin Arrow
54:29 Elite Varangian Guard
54:55 Arson
54:56 Gambesons
55:30 Chain Mail Armor
56:12 Conscription
56:23 Halberdier
59:45 Chemistry
59:16 Architecture
59:14 Vendel Legacy
61:07 Capped Ram
62:39 Plate Mail Armor
62:10 Bracer
64:19 Siege Ram
66:12 Ballistics
66:33 Siege Engineers
70:10 Fortified Wall
72:45 Coinage
Pedro
8:06 Feudal Age
9:26 Loom
12:01 Castle Age
10:13 Double-Bit Axe
10:11 Horse Collar
11:10 Bow Saw
11:23 Heavy Plow
14:08 Scale Barding Armor
14:14 Forging
14:19 Cavalier
15:41 Wheelbarrow
28:24 Two-Man Saw
28:06 Hand Cart
37:07 Imperial Age
35:33 Gold Mining
36:00 Scale Mail Armor
36:20 Chain Barding Armor
36:38 Iron Casting
35:54 Town Watch
37:38 Crop Rotation
38:10 Conscription
37:57 Burgundian Vineyards
39:19 Scale Mail Armor
40:20 Blast Furnace
39:30 Flemish Revolution
46:46 Town Patrol
50:29 Elite Coustillier
56:38 Pikeman
57:37 Chain Mail Armor
58:09 Halberdier
68:01 Squires
67:48 Arson
dionathanbh
6:57 Feudal Age
13:51 Castle Age
12:02 Double-Bit Axe
12:51 Horse Collar
15:26 Bow Saw
15:08 Gold Mining
15:15 Fletching
20:06 Bodkin Arrow
20:49 Padded Archer Armor
22:16 Ballistics
22:54 Leather Archer Armor
24:38 Bloodlines
24:28 Husbandry
33:45 Imperial Age
32:01 Wheelbarrow
34:54 Hand Cart
35:30 Bracer
36:01 Ring Archer Armor
36:33 Chemistry
38:12 Heavy Cavalry Archer
42:30 Light Cavalry
45:43 Scale Barding Armor
45:48 Forging
45:05 Hussar
46:10 Caravan
47:51 Chain Barding Armor
49:11 Plate Barding Armor
49:12 Iron Casting
51:31 Conscription
52:32 Loom
52:33 Town Watch
54:16 Silk Armor
56:21 Blast Furnace
[82AD] WindCraft
4:37 Loom
6:46 Feudal Age
8:23 Double-Bit Axe
11:37 Castle Age
9:58 Double-Bit Axe
11:13 Horse Collar
13:07 Bow Saw
16:43 Wheelbarrow
17:12 Heavy Plow
17:13 Gold Mining
20:01 Hand Cart
21:17 Forging
22:56 Iron Casting
26:48 Imperial Age
25:48 Scale Mail Armor
26:49 Chain Mail Armor
26:25 Pikeman
27:52 Conscription
27:02 Halberdier
27:08 Capped Ram
29:54 Blast Furnace
30:54 Plate Mail Armor
32:34 Siege Ram
32:38 Heavy Scorpion
34:13 Elite Woad Raider
35:04 Furor Celtica
37:22 Chemistry
36:43 Ballistics
44:53 Gold Shaft Mining
44:11 Siege Ram
47:06 Hoardings
46:38 Onager
47:31 Fletching
47:42 Padded Archer Armor
48:27 Caravan
52:38 Fortified Wall
52:38 Masonry
73:08 Siege Onager
Sir_HaXaLoT.exe
9:20 Feudal Age
12:02 Castle Age
10:08 Horse Collar
10:06 Man-at-Arms
11:50 Scale Mail Armor
14:28 Long Swordsman
15:54 Chain Mail Armor
16:46 Forging
19:00 Pikeman
34:20 Double-Bit Axe
37:12 Heavy Plow
37:08 Gold Mining
38:54 Wheelbarrow
39:14 Scale Barding Armor
41:25 Gold Shaft Mining
43:00 Chain Barding Armor
46:10 Bow Saw
48:12 Hand Cart
51:45 Stone Mining
52:30 Loom
52:31 Town Watch
53:57 Ballistics
55:58 Iron Casting
55:05 Light Cavalry
56:54 Bloodlines
56:44 Husbandry
60:10 Imperial Age
60:11 Capped Ram
61:28 Crop Rotation
60:31 Hussar
61:07 Siege Ram
63:15 Plate Barding Armor
64:01 Blast Furnace
64:01 Town Patrol
69:50 Heavy Scorpion
71:00 Double Crossbow
71:25 Caravan
Mr. Penis
8:47 Feudal Age
12:42 Castle Age
10:44 Horse Collar
11:03 Double-Bit Axe
13:54 Bow Saw
15:32 Fervor
16:58 Wheelbarrow
16:42 Heavy Plow
19:57 Loom
21:32 Gold Mining
21:32 Stone Mining
21:41 Stone Mining
23:49 Bloodlines
24:15 Husbandry
26:14 Scale Barding Armor
27:45 Stone Shaft Mining
29:52 Chain Barding Armor
29:43 Forging
33:22 Iron Casting
33:53 Hand Cart
33:23 Town Watch
37:28 Fortified Wall
36:59 Treadmill Crane
37:29 Masonry
41:19 Imperial Age
42:40 Architecture
42:16 Siege Engineers
45:08 Elite Steppe Lancer
52:27 Plate Barding Armor
52:52 Blast Furnace
51:43 Fletching
52:16 Conscription
52:14 Guilds
52:35 Coinage
53:22 Caravan
60:55 Banking
68:20 Murder Holes
68:51 Ballistics
68:59 Fortified Bastions
69:40 Hoardings
77:07 Chemistry
75:55 Arrowslits
76:38 Illumination
迪酒不沾丶
8:40 Feudal Age
10:01 Double-Bit Axe
10:16 Horse Collar
12:46 Castle Age
11:29 Fletching
13:54 Wheelbarrow
13:06 Loom
14:20 Bow Saw
14:15 Town Watch
14:22 Crossbowman
15:02 Bodkin Arrow
15:14 Padded Archer Armor
16:04 Heavy Plow
24:38 Imperial Age
22:03 Gold Mining
23:14 Thumb Ring
25:37 Leather Archer Armor
25:27 Bracer
25:25 Arbalester
27:03 Ballistics
28:05 Hand Cart
29:09 Leather Archer Armor
31:24 Conscription
31:41 Gold Shaft Mining
33:25 Town Patrol
34:57 Caravan
36:24 Chemistry
37:46 Fortified Wall
43:00 Torsion Engines
45:15 Capped Ram
47:01 Squires
50:23 Halberdier
51:33 Scale Mail Armor
51:49 Arson
52:16 Forging
53:12 Chain Mail Armor
55:19 Plate Mail Armor
56:24 Iron Casting
68:17 Siege Ram
69:40 Siege Ram
72:25 Coinage
哈撒韦
7:13 Feudal Age
8:18 Horse Collar
11:07 Castle Age
12:54 Heavy Plow
13:53 Wheelbarrow
19:32 Gold Mining
20:29 Loom
21:00 Hand Cart
21:09 Hand Cart
20:39 Town Watch
21:58 Gold Shaft Mining
25:22 Imperial Age
23:22 Scale Barding Armor
23:59 Forging
24:02 Manipur Cavalry
24:27 Chain Barding Armor
25:20 Bloodlines
25:10 Husbandry
25:38 Elite Battle Elephant
27:11 Plate Barding Armor
27:02 Conscription
27:37 Iron Casting
29:40 Chemistry
28:25 Capped Ram
29:12 Light Cavalry
29:50 Stone Mining
31:13 Blast Furnace
30:48 Siege Engineers
30:54 Masonry
31:02 Hussar
31:55 Caravan
35:35 Guilds
42:48 Fortified Wall
43:08 Architecture
43:38 Fletching
45:36 Treadmill Crane
47:29 Bodkin Arrow
47:57 Ballistics
50:00 Crop Rotation
57:25 Coinage
58:26 Bracer
59:01 Banking
Connection lost

Rejoining the realm…

Still unreachable

The connection could not be restored.

Session expired

The server has moved on; the page needs a fresh start.